 Dungeon Crawl Stone Soup version 0.29.1 (webtiles) character file.

Game seed: 13367335215342161653

81 MisterFreud the Covert (level 4, -4/41 HPs)
             Began as a Gnoll Delver on Sept 13, 2022.
             Killed from afar by an orc wizard (9 damage)
             ... with a magic dart
             ... on level 4 of the Dungeon.
             The game lasted 00:01:57 (726 turns).

MisterFreud the Covert (Gnoll Delver)                Turns: 726, Time: 00:01:57

Health: -4/41      AC:  3    Str: 11    XL:     4   Next: 40%
Magic:  5/5        EV: 13    Int: 11    God:
Gold:   9          SH:  0    Dex: 14    Spells: 5/5 levels left

rFire   . . .      SeeInvis .   a - +1 short sword
rCold   . . .      Faith    .   (no shield)
rNeg    . . .      Spirit   .   b - +0 leather armour
rPois   .          Reflect  .   (no helmet)
rElec   .          Harm     .   (no cloak)
rCorr   .          Rampage  .   (no gloves)
Will    .....                   (no boots)
Stlth   ++++......              (no amulet)
HPRegen 0.13/turn               (no ring)
MPRegen 0.09/turn               (no ring)

@: mighty
A: fangs 1, strong nose, distributed training
a: no special abilities


You were on level 4 of the Dungeon.
You visited 1 branch of the dungeon, and saw 3 of its levels.

You collected 9 gold pieces.

Inventory:

Hand Weapons
 a - a +1 short sword (weapon)
Armour
 b - a +0 leather armour (worn)
Wands
 g - a wand of digging (3)
Scrolls
 c - a scroll of fog
 d - a scroll of magic mapping
 e - a scroll of fear
Potions
 f - a potion of haste


   Skills:
 + Level 6.6 Fighting
 + Level 4.6 Short Blades
 + Level 1.2 Long Blades
 + Level 1.2 Axes
 + Level 1.2 Maces & Flails
 + Level 1.2 Polearms
 + Level 1.2 Staves
 + Level 1.2 Ranged Weapons
 + Level 1.2 Throwing
 + Level 1.2 Armour
 + Level 4.6 Dodging
 + Level 9.6 Stealth
 + Level 1.2 Shields
 + Level 1.2 Unarmed Combat
 + Level 1.2 Spellcasting
 + Level 1.0 Conjurations
 + Level 1.0 Hexes
 + Level 1.0 Summonings
 + Level 1.0 Necromancy
 + Level 1.0 Translocations
 + Level 1.0 Transmutations
 + Level 1.0 Fire Magic
 + Level 1.0 Ice Magic
 + Level 1.0 Air Magic
 + Level 1.0 Earth Magic
 + Level 1.0 Poison Magic
 + Level 1.3 Invocations
 + Level 1.2 Evocations


You had 5 spell levels left.
You didn't know any spells.
Your spell library was empty.

Dungeon Overview and Level Annotations

Branches:
Dungeon (6/15)             Temple (0/1) D:4

Altars:


Innate Abilities, Weirdness & Mutations

You have very sharp teeth.
Your uncanny sense of smell can sniff out nearby items.
Your experience applies equally to all skills.


Message History

You miss something. Something hits you.
You miss something. Something completely misses you.
You hit something but do no damage. You hit something but do no damage.
Something hits you.
You hit something. Your bite misses something. Something hits you.
You hit something. Something hits you.
* * * LOW HITPOINT WARNING * * *
You miss something. Something hits you but does no damage.
You miss something.
You hear some strange, mumbled words.
A magic dart appears from out of thin air!
The magic dart hits you.
* * * LOW HITPOINT WARNING * * *
You hit something but do no damage.
An orc wizard appears from thin air!
Reactivating autopickup.
The orc wizard casts a spell at you.
You are confused.
You bump into the rock wall.
The orc wizard barely misses you.
It was a potion of magic.
Magic courses through your body.
The orc wizard gestures at you while chanting.
The puff of flame misses you.
It was a potion of might.
You feel very mighty all of a sudden.
The orc wizard hits you with a +0 dagger.
* * * LOW HITPOINT WARNING * * *
You are too confused!
You completely miss the orc wizard. Your bite misses the orc wizard.
The orc wizard is moderately wounded.
You hit the orc wizard.
The orc wizard is heavily wounded.
You feel less confused. The orc wizard misses you.
You closely miss the orc wizard.
The orc wizard is heavily wounded.
The orc wizard barely misses you.
You closely miss the orc wizard.
The orc wizard is heavily wounded.
The orc wizard casts a spell at you. The magic dart hits you!
You die...

#......)..##...........
#.........+............
#.........#............
#.........#............
#.........#............
#.........#..[....)o...
#.........###o#########
########'## #o##
#.####@.# #.....#...#
#.....+.....#
##....##..#.# #....#
..# # #....# #.# #....#
.. #....# ..o #....# ∆


You could see an orc wizard and 2 orcs.

Vanquished Creatures
  A hound (D:4)
  An iguana (D:4)
  2 adders (D:4)
  An orc (D:4)
  An endoplasm (D:4)
  A giant cockroach (D:4)
  A kobold (D:4)
  2 goblins (D:4)
10 creatures vanquished.

Notes
Turn   | Place    | Note
-------+----------+-------------------------------------------
     0 | D:5      | Reached skill level 9 in Stealth
     0 | D:5      | MisterFreud the Gnoll Delver began the quest for the Orb.
     0 | D:5      | Reached XP level 1. HP: 23/23 MP: 1/1
    67 | D:4      | Noticed an orc priest
    69 | D:4      | Noticed an orc wizard
    70 | D:4      | Found a staircase to the Ecumenical Temple.
   125 | D:4      | Reached XP level 2. HP: 13/29 MP: 2/2
   664 | D:4      | Reached skill level 1 in Long Blades
   664 | D:4      | Reached skill level 1 in Axes
   664 | D:4      | Reached skill level 1 in Maces & Flails
   664 | D:4      | Reached skill level 1 in Polearms
   664 | D:4      | Reached skill level 1 in Staves
   664 | D:4      | Reached skill level 1 in Ranged Weapons
   664 | D:4      | Reached skill level 1 in Throwing
   664 | D:4      | Reached skill level 1 in Armour
   664 | D:4      | Reached skill level 1 in Shields
   664 | D:4      | Reached skill level 1 in Unarmed Combat
   664 | D:4      | Reached skill level 1 in Spellcasting
   664 | D:4      | Reached skill level 1 in Invocations
   664 | D:4      | Reached skill level 1 in Evocations
   664 | D:4      | Reached XP level 3. HP: 35/35 MP: 2/4
   703 | D:4      | Reached skill level 1 in Conjurations
   703 | D:4      | Reached skill level 1 in Hexes
   703 | D:4      | Reached skill level 1 in Summonings
   703 | D:4      | Reached skill level 1 in Necromancy
   703 | D:4      | Reached skill level 1 in Translocations
   703 | D:4      | Reached skill level 1 in Transmutations
   703 | D:4      | Reached skill level 1 in Fire Magic
   703 | D:4      | Reached skill level 1 in Ice Magic
   703 | D:4      | Reached skill level 1 in Air Magic
   703 | D:4      | Reached skill level 1 in Earth Magic
   703 | D:4      | Reached skill level 1 in Poison Magic
   703 | D:4      | Reached XP level 4. HP: 24/41 MP: 5/5
   726 | D:4      | Killed from afar by an orc wizard

Illustrated notes

Levels and vault maps discovered:
D:4:      layout_basic, minmay_temple_entry_grid, serial_shops,
          nicolae_stop_n_shop_2
D:5:      layout_basic, amcnicky_altar_gilded, uniq_eustachio
D:6:      layout_basic, st_stairs_11, minmay_checkerbox, uniq_maggie,
          uniq_edmund, uniq_sigmund

Skill      XL: |  1  2  3 |
---------------+----------+-----
Stealth        | |  9.6
Long Blades    | 1 |  1.2
Axes           | 1 |  1.2
Maces & Flails | 1 |  1.2
Polearms       | 1 |  1.2
Staves         | 1 |  1.2
Ranged Weapons | 1 |  1.2
Throwing       | 1 |  1.2
Armour         | 1 |  1.2
Shields        | 1 |  1.2
Unarmed Combat | 1 |  1.2
Spellcasting   | 1 |  1.2
Invocations    | 1 |  1.3
Evocations     | 1 |  1.2
Conjurations   | 1 |  1.0
Hexes          | 1 |  1.0
Summonings     | 1 |  1.0
Necromancy     | 1 |  1.0
Translocations | 1 |  1.0
Transmutations | 1 |  1.0
Fire Magic     | 1 |  1.0
Ice Magic      | 1 |  1.0
Air Magic      | 1 |  1.0
Earth Magic    | 1 |  1.0
Poison Magic   | 1 |  1.0
Fighting       | |  6.6
Short Blades   | |  4.6
Dodging        | |  4.6

Action                   |  1- 3 |  4- 6 || total
-------------------------+-------+-------++-------
Melee: Short sword       |    72 |    19 ||    91
       Bite              |     7 |       ||     7
  Use: Potion            |       |     2 ||     2
       Scroll            |       |     1 ||     1
 Stab: Sleeping          |     2 |       ||     2
Armor: Leather armour    |    13 |     1 ||    14
Dodge: Dodged            |    46 |     9 ||    55
